AoeStats
← Abraham Lincoln

MegaRandom

508786541Analyzed
4v4 RM · 8d ago on Sep 24, 2026· 22m 1s· 8 players
Game mode
Random Map
Map size
Large (8 player)
Population
200
Speed
Normal
Resources
Standard
Victory
Conquest
Starting age
Dark Age
Ending age
Imperial Age
RankedLock teamsTeams togetherTeam positionsShared explorationLock speedFull tech treeHidden civsTurbo modeCheats
Victory
Defeat
🇦🇷 Varangians · Argentina
894
+17
🇵🇪 Huns · Peru
850
+19
🇦🇷 Vietnamese · Argentina
839
+19
🇨🇦 Saxons · Canada
830
+20
🇺🇸 Italians · United States
981
-21
🇺🇸 Bengalis · United States
932
-20
🇺🇸 Byzantines · United States
901
-18
🇺🇸 Saxons · United States
857
-16
Tradermots
7:21 Loom
12:26 Feudal Age
18:33 Castle Age
17:03 Bloodlines
leaton37
11:17 Feudal Age
12:03 Double-Bit Axe
22:39 Castle Age
fadul2105
9:11 Loom
9:16 Loom
11:51 Feudal Age
13:42 Double-Bit Axe
18:12 Castle Age
19:13 Bow Saw
21:11 Horse Collar
John
9:54 Feudal Age
10:20 Double-Bit Axe
14:36 Loom
17:21 Castle Age
16:41 Wheelbarrow
16:01 Horse Collar
17:18 Fletching
17:28 Padded Archer Armor
20:08 Bow Saw
19:50 Crossbowman
22:31 Bodkin Arrow
Theodore Roosevelt
1:32 Loom
13:37 Feudal Age
14:27 Double-Bit Axe
23:17 Castle Age
WoodroWilson
5:33 Loom
11:46 Feudal Age
12:30 Town Watch
12:36 Double-Bit Axe
17:26 Castle Age
16:47 Wheelbarrow
16:11 Horse Collar
18:38 Bow Saw
Abraham Lincoln
11:56 Feudal Age
11:08 Loom
16:57 Castle Age
Harry Truman
5:10 Loom
11:57 Feudal Age
13:24 Horse Collar
13:30 Double-Bit Axe
14:33 Wheelbarrow
19:59 Gold Mining
20:21 Stone Mining
Connection lost

Rejoining the realm…

Still unreachable

The connection could not be restored.

Session expired

The server has moved on; the page needs a fresh start.